 Dungeon Crawl Stone Soup version 0.16-a0-100-g0188e4c (webtiles) character file.

239 Ratboiler the Chopper (level 6, 0/45 HPs)
             Began as a Hill Orc Gladiator on Aug 9, 2014.
             Succumbed to poison (a potion of poison)
             ... on Level 4 of the Dungeon.
             The game lasted 00:10:11 (3579 turns).

Ratboiler the Chopper (Hill Orc Gladiator)          Turns: 3579, Time: 00:10:11

HP   0/45        AC 10     Str 20      XL: 6   Next:  7%
MP   6/6         EV  9     Int  8      God:
Gold 140         SH  0     Dex 16      Spells:  0 memorised,  5 levels left

rFire  . . .     SeeInvis .     a - +0 war axe
rCold  + . .     Clarity  .     F - +3 scale mail {rC+}
rNeg   . . .     rCorr    .     (no shield)
rPois  .         rRot     .     c - +0 helmet
rElec  .         Spirit   .     (no cloak)
SustAb .         Warding  .     (no gloves)
rMut   +         Stasis   .     (no boots)
Gourm  .                        C - amulet of resist mutation
MR     .....                    j - +3 ring of dexterity
                                g - +2 ring of strength

@: lethally poisoned, about to teleport, very slightly contaminated, hasted and
slowed, invisible, not resistant to hostile enchantments, extremely unstealthy
A: frail 1
a: no special abilities


You were on level 4 of the Dungeon.
You were hungry.

You visited 1 branch of the dungeon, and saw 4 of its levels.

You collected 140 gold pieces.

Inventory:

Hand weapons
 a - a +0 war axe (weapon)
 b - a +1 hunting sling of velocity
Missiles
 d - 3 throwing nets (quivered)
 e - 6 tomahawks
 n - 20 poisoned needles
 B - 18 sling bullets
 G - 10 steel sling bullets
Armour
 c - a +0 helmet (worn)
 i - a +0 shield
 v - a +0 leather armour
 w - a +0 ring mail
 F - a +3 scale mail of cold resistance (worn)
 J - the -1 ring mail of the Oligarchy {rPois rC+}
   (You found it on level 4 of the Dungeon)

   It protects you from cold.
   It protects you from poison.
Comestibles
 f - 4 meat rations
 x - 3 bread rations
 z - 2 beef jerkies
 I - 2 rotting chunks of orc flesh
Scrolls
 h - 2 scrolls of identify
 l - 2 scrolls of enchant weapon {unknown}
 o - a scroll of recharging {unknown}
 q - 2 scrolls of enchant armour {unknown}
 t - a scroll of amnesia
 u - 2 scrolls of remove curse {unknown}
 y - 5 scrolls of teleportation
 A - 2 scrolls of random uselessness {unknown}
 E - a scroll of fear {unknown}
 H - a scroll of immolation {unknown}
Jewellery
 g - a +2 ring of strength (left hand)
 j - a +3 ring of dexterity (right hand)
 s - a +5 ring of intelligence
 C - an amulet of resist mutation (around neck)


   Skills:
 + Level 3.5 Fighting
 * Level 5.9 Axes
 + Level 2.9 Throwing
 + Level 2.4 Armour
 + Level 3.2 Dodging


You had 5 spell levels left.
You didn't know any spells.

Dungeon Overview and Level Annotations

Branches:
Dungeon (4/15)
 Temple: D:4-7

Altars:
Kikubaaqudgha
Vehumet


Innate Abilities, Weirdness & Mutations

You are frail (-10% HP).


Message History

As you read the scroll labeled YPSALO CLOIPES, it crumbles to dust.
You feel forgetful for a moment.
It was a scroll of amnesia.
* * * LOW HITPOINT WARNING * * *
You feel sick.
Read which item? (? for menu, Esc to quit)
As you read the scroll labeled STRIQI DOYS, it crumbles to dust.
You feel strangely unstable.
It was a scroll of teleportation.
The orc wizard closely misses you.
Read which item? (? for menu, Esc to quit)
As you read the scroll labeled IRUOWIOPPI, it crumbles to dust.
The scroll dissolves into smoke.
It was a scroll of fog.
* * * LOW HITPOINT WARNING * * *
You feel sick.
The orc wizard points at you and mumbles some strange words.
You feel yourself slow down.
Read which item? (? for menu, Esc to quit)
As you read the scroll labeled AFIOCU MIONIUQ, it crumbles to dust.
You hear a loud clanging noise!
It was a scroll of noise.
You die...

##..#
######
##...#
##...##
###...##
#....##
#..###
### #§§#
... #§##
.## #@#
#§o#
#§§§
#....
#.....
.......
#
........
##
###.....
#. ###
#.


You could see an orc wizard.

Vanquished Creatures
  An orc priest (D:4)
  A hound (D:4)
  A worker ant (D:4)
  Terence (D:3)
  7 adders
  5 worms
  A giant gecko (D:1)
  4 orcs (D:4)
  2 giant cockroaches
  5 goblins
  6 hobgoblins
  A ball python (D:3)
  5 bats
  2 giant newts (D:1)
  8 kobolds
  6 rats
56 creatures vanquished.

Notes
Turn   | Place    | Note
--------------------------------------------------------------
     0 | D:1      | Ratboiler, the Hill Orc Gladiator, began the quest for the Orb.
     0 | D:1      | Reached XP level 1. HP: 18/18 MP: 1/1
   162 | D:1      | Reached XP level 2. HP: 25/25 MP: 2/2
   718 | D:2      | Reached skill level 1 in Armour
  1131 | D:2      | Reached XP level 3. HP: 30/30 MP: 3/3
  1346 | D:2      | Found an ancient bone altar of Kikubaaqudgha.
  1599 | D:2      | Reached XP level 4. HP: 16/37 MP: 4/4
  2482 | D:3      | Reached skill level 5 in Axes
  2603 | D:3      | Noticed Terence
  2628 | D:3      | Killed Terence
  2681 | D:3      | Reached XP level 5. HP: 30/45 MP: 5/5
  3289 | D:4      | Got a distressingly furry ring mail
  3290 | D:4      | Identified the -1 ring mail of the Oligarchy {rPois rC+} (You found it on level 4 of the Dungeon)
  3367 | D:4      | Found a radiant altar of Vehumet.
  3562 | D:4      | Reached XP level 6. HP: 19/51 MP: 6/6
  3573 | D:4      | Gained mutation: You are frail (-10% HP). [potion of mutation]
  3575 | D:4      | HP: 2/45 [poison (a potion of poison)]
  3579 | D:4      | Succumbed to poison (a potion of poison)

Action                   |  1- 3 |  4- 6 || total
-------------------------+-------+-------++-------
Melee: War axe           |    87 |   133 ||   220
 Fire: Hunting sling     |       |     5 ||     5
  Use: Scroll            |     1 |     6 ||     7
       Potion            |     1 |     5 ||     6
  Eat: Chunk             |     2 |     6 ||     8
